 Dungeon Crawl Stone Soup version 0.19-a0-1905-ge8b2aad (webtiles) character file.

63 Morenatsu the Ducker (level 4, -1/28 HPs)
             Began as a Tengu Monk on Oct 21, 2016.
             Succumbed to Crazy Yiuf's poison
             ... on level 2 of the Dungeon.
             The game lasted 00:02:35 (1326 turns).

Morenatsu the Ducker (Tengu Monk)                   Turns: 1326, Time: 00:02:36

Health: -1/28      AC:  4    Str:  8 (11) XL:     4   Next: 9%
Magic:  5/5        EV: 14    Int: 10 (11) God:
Gold:   77         SH:  0    Dex: 15 (17) Spells: 0 memorised, 3 levels left

rFire  . . .     SeeInvis .     a - +1 falchion
rCold  . . .     Gourm    .     m - +0 leather armour
rNeg   . . .     Faith    .     (no shield)
rPois  .         Spirit   .     (helmet restricted)
rElec  .         Reflect  .     (no cloak)
rCorr  .         Harm     .     j - +0 pair of gloves
MR     .....                    (boots unavailable)
Stlth  ++........               (no amulet)
                                (no ring)
                                (no ring)

@: lethally poisoned (-1 -> -16), about to teleport, hasted, very quick
A: beak, talons 3
a: no special abilities


You were on level 2 of the Dungeon.
You were not hungry.

You visited 1 branch of the dungeon, and saw 2 of its levels.

You collected 77 gold pieces.

Inventory:

Hand Weapons
 a - a +1 falchion (weapon)
Armour
 b - a +0 robe
 j - a +0 pair of gloves (worn)
 m - a +0 leather armour (worn)
Potions
 h - a potion of heal wounds {unknown}
 i - a potion of curing {unknown}
 l - a potion of might {unknown}
 n - a potion of flight {unknown}
Comestibles
 c - a bread ration
 d - 3 meat rations
 f - 3 fruits
 k - a beef jerky


   Skills:
 - Level 3.0 Fighting
 - Level 3.2 Long Blades
 + Level 5.3 Dodging
 - Level 2.0 Stealth


You had 3 spell levels left.
You didn't know any spells.

Dungeon Overview and Level Annotations

Branches:
Dungeon (2/15)

Altars:

Annotations:
D:2 Crazy Yiuf


Innate Abilities, Weirdness & Mutations

You have a beak for a mouth.
You have claws for feet.


Message History

Crazy Yiuf flaps his cloak.
Crazy Yiuf misses you.
You hit Crazy Yiuf.
Crazy Yiuf is heavily wounded.
Crazy Yiuf hits you with a quarterstaff of chaos!
You are lethally poisoned!
Your leather armour prevents you from hitting Crazy Yiuf.
You peck Crazy Yiuf.
Crazy Yiuf is severely wounded.
You feel sick.
Crazy Yiuf hits you with a quarterstaff of chaos!
* * * LOW HITPOINT WARNING * * *
You feel strangely unstable.
It was a potion of degeneration.
There was something very wrong with that liquid.
You feel weakened.
You feel dopey.
You feel clumsy.
* * * LOW HITPOINT WARNING * * *
You feel sick.
It was a potion of haste.
You feel yourself speed up.
You die...

## #. ###. #... ####
########.## #)..###
##)))).##.#.
#..g@.####)))).(.....
#...##..#.)))))....##
#### ###.#.))).......
#######...####
#(.##### ###
####....... #.#
#..........
##.#####.....<....
#.........(.......


You could see Crazy Yiuf.

Vanquished Creatures
  An adder (D:2)
  3 oozes
  A worm (D:2)
  4 bats (D:1)
  2 giant cockroaches (D:1)
  4 goblins
  2 hobgoblins
  10 jackals (D:1)
  A frilled lizard (D:2)
  3 kobolds
  3 rats (D:1)
34 creatures vanquished.

Notes
Turn   | Place    | Note
-------+----------+-------------------------------------------
     0 | D:1      | Morenatsu the Tengu Monk began the quest for the Orb.
     0 | D:1      | Reached XP level 1. HP: 14/14 MP: 2/2
   136 | D:1      | Reached XP level 2. HP: 11/19 MP: 3/3
   140 | D:1      | Reached skill level 4 in Dodging
   599 | D:1      | Reached XP level 3. HP: 21/23 MP: 4/4
   937 | D:2      | Reached skill level 5 in Dodging
  1292 | D:2      | Reached XP level 4. HP: 28/28 MP: 5/5
  1316 | D:2      | Found a runed door.
  1320 | D:2      | Noticed Crazy Yiuf
  1325 | D:2      | HP: 1/28 [poisoned by Crazy Yiuf]
  1326 | D:2      | Succumbed to Crazy Yiuf's poison

Vault maps used:
D:1:      dpeg_arrival_arbitrary_a, minmay_stone_trees_small
D:2:      uniq_crazy_yiuf_cottage

Skill      XL: |  1  2  3 |
---------------+----------+-----
Dodging        | 4 5 |  5.3
Fighting       | |  3.0
Long Blades    | |  3.2
Stealth        | |  2.0

Action                   |  1- 3 |  4- 6 || total
-------------------------+-------+-------++-------
Melee: Falchion          |    82 |     3 ||    85
       Kick              |    24 |     1 ||    25
       Peck              |    22 |     2 ||    24
  Use: Scroll            |     5 |       ||     5
       Potion            |       |     2 ||     2
 Stab: Sleeping          |     3 |       ||     3
  Eat: Chunk             |     1 |       ||     1
Armor: Robe              |     9 |       ||     9
       Leather armour    |     1 |       ||     1
Dodge: Dodged            |    71 |     1 ||    72
       Rpst.: Falchion   |    21 |       ||    21
